| TOP OF THE 1ST |
|
Lake County Captains batting - Pitching for Clinton LumberKings : LHP Chan-u Lee
|
|
Pitching: LHP Chan-u Lee
|
|
|
Batting: LHB Yasuo Igarashi
|
0-0: Ball 1-0: Ground out 4-3 (Groundball, 4, EV 103.8 MPH)
|
|
Batting: LHB Tim Fuller
|
0-0: Ball 1-0: Ball 2-0: Ball 3-0: Called Strike 3-1: Called Strike 3-2: Strikes out looking
|
|
Batting: RHB Adrian Martinelli
|
0-0: Called Strike 0-1: Ball 1-1: Foul Ball, location: 2F 1-2: Foul Ball, location: 2F 1-2: Ball 2-2: Strikes out swinging
|
| Top of the 1st over - 0 runs, 0 hits, 0 errors, 0 left on base; Lake County 0 - Clinton 0 |
| BOTTOM OF THE 1ST |
|
Clinton LumberKings batting - Pitching for Lake County Captains : RHP Kensaku Shiba
|
|
Pitching: RHP Kensaku Shiba
|
|
|
Batting: RHB Rick Ellis
|
0-0: Foul Ball, location: 2F 0-1: Foul Ball, location: 2F 0-2: Strikes out looking
|
|
Batting: LHB William Warren
|
0-0: Ball 1-0: Ground out 3-1 (Groundball, 34S, EV 87.5 MPH)
|
|
Batting: LHB Jason Hopkins
|
0-0: Ball 1-0: Ball 2-0: Foul Ball, location: 2F 2-1: SINGLE (Flyball, 89S, EV 89.4 MPH) - OUT at second base trying to stretch hit.
|
| Bottom of the 1st over - 0 runs, 1 hit, 0 errors, 0 left on base; Lake County 0 - Clinton 0 |
| TOP OF THE 2ND |
|
Lake County Captains batting - Pitching for Clinton LumberKings : LHP Chan-u Lee
|
|
Batting: SHB Travis Burnett
|
0-0: Ball 1-0: Ball 2-0: SINGLE (Groundball, 6S, EV 93.8 MPH)
|
|
Batting: SHB Charlie Diesel
|
0-0: Ball 1-0: Foul Ball, location: 2F 1-1: Foul Ball, location: 2F 1-2: Ball 2-2: Fielders Choice at 2nd, 4-6 (Groundball, 4, EV 83.1 MPH)
|
|
Batting: LHB Justin Rankin
|
0-0: Ball 1-0: Ball 2-0: Ball 3-0: Base on Balls Charlie Diesel to second
|
|
Batting: LHB Danny Moreno
|
0-0: Foul Ball, location: 2F 0-1: Fielders Choice at 2nd, 4-6 (Groundball, 4D, EV 108.8 MPH) Charlie Diesel to third
|
|
Batting: LHB Ubbe de Bruin
|
0-0: Called Strike 0-1: Ball 1-1: Swinging Strike 1-2: Ground out U3 (Groundball, 3, EV 80.6 MPH)
|
| Top of the 2nd over - 0 runs, 1 hit, 0 errors, 2 left on base; Lake County 0 - Clinton 0 |
| BOTTOM OF THE 2ND |
|
Clinton LumberKings batting - Pitching for Lake County Captains : RHP Kensaku Shiba
|
|
Batting: LHB Justin Long
|
0-0: Called Strike 0-1: Ball 1-1: Foul Ball, location: 2F 1-2: Strikes out looking
|
|
Batting: SHB Jose Castillo
|
0-0: Called Strike 0-1: Foul Ball, location: 2F 0-2: Ball 1-2: Ground out 4-3 (Groundball, 4, EV 88.1 MPH)
|
|
Batting: LHB Brian Butler
|
0-0: Called Strike 0-1: Ball 1-1: SINGLE (Groundball, 6MD, EV 95.6 MPH)
|
|
Batting: LHB Ryan Rothenbach
|
0-0: Called Strike 0-1: Ball 1-1: Ball 2-1: Ball 3-1: DOUBLE (Line Drive, 78XD, EV 101.9 MPH) Brian Butler to third Runner from 3rd tries for Home, SAFE, no throw by LF
|
|
Batting: SHB Detlef Oursler
|
0-0: Ball 1-0: Called Strike 1-1: Foul Ball, location: 2F 1-2: Ground out 6-3 (Groundball, 6M, EV 110.0 MPH)
|
| Bottom of the 2nd over - 1 run, 2 hits, 0 errors, 1 left on base; Lake County 0 - Clinton 1 |
| TOP OF THE 3RD |
|
Lake County Captains batting - Pitching for Clinton LumberKings : LHP Chan-u Lee
|
|
Batting: LHB Alan Kelly
|
0-0: Ball 1-0: Called Strike 1-1: Ball 2-1: Fly out, F7 (Line Drive, 7, EV 98.1 MPH)
|
|
Batting: LHB Yasuo Igarashi
|
0-0: Swinging Strike 0-1: Ball 1-1: Ground out 5-3 (Groundball, 56, EV 86.9 MPH)
|
|
Batting: LHB Tim Fuller
|
0-0: Ball 1-0: Called Strike 1-1: Ball 2-1: Ground out U3 (Groundball, 34S, EV 94.4 MPH)
|
| Top of the 3rd over - 0 runs, 0 hits, 0 errors, 0 left on base; Lake County 0 - Clinton 1 |
| BOTTOM OF THE 3RD |
|
Clinton LumberKings batting - Pitching for Lake County Captains : RHP Kensaku Shiba
|
|
Batting: RHB Emmanuel Thomas
|
0-0: SINGLE (Groundball, 56, EV 107.5 MPH)
|
|
Batting: RHB Rick Ellis
|
0-0: Ball Passed Ball! Emmanuel Thomas to second 1-0: Foul Ball, location: 2F 1-1: Ball 2-1: Foul Ball, location: 2F 2-2: SINGLE (Line Drive, 56D, EV 101.3 MPH) Emmanuel Thomas to third
|
|
Batting: LHB William Warren
|
0-0: Foul Ball, location: 2F 0-1: Ball 1-1: Foul Ball, location: 2F 1-2: SINGLE (Groundball, 4M, EV 110.0 MPH) (infield hit) Emmanuel Thomas scores Rick Ellis to second
|
|
Batting: LHB Jason Hopkins
|
0-0: Ball 1-0: Foul Ball, location: 2F 1-1: Ball 2-1: Foul Ball, location: 2F 2-2: Fly out, F7 (Flyball, 7, EV 88.1 MPH)
|
|
Batting: LHB Justin Long
|
0-0: DOUBLE (Line Drive, 7LM, EV 97.5 MPH) Rick Ellis scores William Warren to third
|
|
Batting: SHB Jose Castillo
|
0-0: Fly out, F9 (Flyball, 9, EV 93.8 MPH)
|
|
Batting: LHB Brian Butler
|
0-0: Ball 1-0: Ball 2-0: Ball 3-0: Base on Balls
|
|
Batting: LHB Ryan Rothenbach
|
0-0: Ball 1-0: Called Strike 1-1: Ball 2-1: Ground out 4-3 (Groundball, 4MS, EV 68.1 MPH)
|
| Bottom of the 3rd over - 2 runs, 4 hits, 0 errors, 3 left on base; Lake County 0 - Clinton 3 |
| TOP OF THE 4TH |
|
Lake County Captains batting - Pitching for Clinton LumberKings : LHP Chan-u Lee
|
|
Batting: RHB Adrian Martinelli
|
0-0: Ball 1-0: Foul Ball, location: 2F 1-1: Ball 2-1: Swinging Strike 2-2: Strikes out swinging
|
|
Batting: SHB Travis Burnett
|
0-0: Called Strike 0-1: Foul Ball, location: 2F 0-2: Ball 1-2: Strikes out swinging
|
|
Batting: SHB Charlie Diesel
|
0-0: Called Strike 0-1: Ground out 5-3 (Groundball, 56, EV 84.4 MPH)
|
| Top of the 4th over - 0 runs, 0 hits, 0 errors, 0 left on base; Lake County 0 - Clinton 3 |
| BOTTOM OF THE 4TH |
|
Clinton LumberKings batting - Pitching for Lake County Captains : RHP Kensaku Shiba
|
|
Batting: SHB Detlef Oursler
|
0-0: Ball 1-0: Ground out U3 (Groundball, 3, EV 80.6 MPH)
|
|
Batting: RHB Emmanuel Thomas
|
0-0: Ball 1-0: Called Strike 1-1: Foul Ball, location: 2F 1-2: Ball 2-2: TRIPLE (Flyball, 89XD, EV 100.6 MPH)
|
|
Batting: RHB Rick Ellis
|
0-0: Ball 1-0: Foul Ball, location: 2F 1-1: Called Strike 1-2: Strikes out looking
|
|
Batting: LHB William Warren
|
0-0: Called Strike 0-1: Fly out, F9 (Flyball, 9S, EV 85.6 MPH)
|
| Bottom of the 4th over - 0 runs, 1 hit, 0 errors, 1 left on base; Lake County 0 - Clinton 3 |
| TOP OF THE 5TH |
|
Lake County Captains batting - Pitching for Clinton LumberKings : LHP Chan-u Lee
|
|
Batting: LHB Justin Rankin
|
0-0: Swinging Strike 0-1: Reached on error, E6 (Groundball, 6, EV 89.4 MPH)
|
|
Batting: LHB Danny Moreno
|
0-0: Called Strike 0-1: Swinging Strike 0-2: Ball Wild Pitch! Justin Rankin to third 1-2: Strikes out swinging
|
|
Batting: LHB Ubbe de Bruin
|
0-0: Ground out 5-3 (Groundball, 56, EV 89.4 MPH) Justin Rankin scores
|
|
Batting: LHB Alan Kelly
|
0-0: Called Strike 0-1: Ground out 6-3 (Groundball, 6, EV 88.1 MPH)
|
| Top of the 5th over - 1 run, 0 hits, 1 error, 0 left on base; Lake County 1 - Clinton 3 |
| BOTTOM OF THE 5TH |
|
Clinton LumberKings batting - Pitching for Lake County Captains : RHP Kensaku Shiba
|
|
Batting: LHB Jason Hopkins
|
0-0: Ball 1-0: Foul Ball, location: 2F 1-1: Ball 2-1: Ball 3-1: Base on Balls
|
|
Batting: LHB Justin Long
|
0-0: Ball 1-0: Fielders Choice at 2nd, 3-6 (Groundball, 34, EV 92.5 MPH)
|
|
Batting: SHB Jose Castillo
|
0-0: Called Strike 0-1: Foul Ball, location: 2F 0-2: Strikes out looking
|
|
Pitching: LHP Aaron Manees
|
|
|
Batting: LHB Brian Butler
|
0-0: Called Strike 0-1: Ground out 4-3 (Groundball, 4, EV 91.9 MPH)
|
| Bottom of the 5th over - 0 runs, 0 hits, 0 errors, 1 left on base; Lake County 1 - Clinton 3 |
| TOP OF THE 6TH |
|
Lake County Captains batting - Pitching for Clinton LumberKings : LHP Chan-u Lee
|
|
Batting: LHB Yasuo Igarashi
|
0-0: Called Strike 0-1: Swinging Strike 0-2: Fly out, F8 (Flyball, 89D, EV 97.5 MPH)
|
|
Batting: LHB Tim Fuller
|
0-0: Ground out U3 (Groundball, 34S, EV 80.6 MPH)
|
|
Batting: RHB Adrian Martinelli
|
0-0: SINGLE (Flyball, 78S, EV 87.5 MPH)
|
|
Batting: SHB Travis Burnett
|
0-0: Called Strike 0-1: Foul Ball, location: 2F 0-2: Strikes out swinging
|
| Top of the 6th over - 0 runs, 1 hit, 0 errors, 1 left on base; Lake County 1 - Clinton 3 |
| BOTTOM OF THE 6TH |
|
Clinton LumberKings batting - Pitching for Lake County Captains : LHP Aaron Manees
|
|
Batting: LHB Ryan Rothenbach
|
0-0: Ball 1-0: Ball 2-0: SINGLE (Groundball, 15S, EV 60.6 MPH) (infield hit)
|
|
Batting: SHB Detlef Oursler
|
0-0: Called Strike 0-1: Ball 1-1: Foul Ball, location: 2F 1-2: Strikes out swinging
|
|
Batting: RHB Emmanuel Thomas
|
0-0: Ball 1-0: Called Strike 1-1: SINGLE (Groundball, 6, EV 96.9 MPH) Ryan Rothenbach to second
|
|
Batting: RHB Rick Ellis
|
0-0: Ball 1-0: Called Strike 1-1: Foul Ball, location: 2F 1-2: Ball 2-2: Ball 3-2: Foul Ball, location: 2F 3-2: Base on Balls Ryan Rothenbach to third Emmanuel Thomas to second
|
|
Batting: LHB William Warren
|
0-0: Foul Ball, location: 2F 0-1: Ball 1-1: Hit by Pitch Ryan Rothenbach scores Emmanuel Thomas to third Rick Ellis to second
|
|
Batting: LHB Jason Hopkins
|
0-0: Ball 1-0: Ball 2-0: Ball Passed Ball! Emmanuel Thomas scores Rick Ellis to third William Warren to second 3-0: Called Strike 3-1: Foul Ball, location: 2F 3-2: 3-RUN HOME RUN (Flyball, 89XD, EV 105.0 MPH), Distance : 442 ft
|
|
Pitching: LHP Alcander Magos
|
|
|
Batting: LHB Justin Long
|
0-0: Called Strike 0-1: DOUBLE (Flyball, 7LD, EV 90.6 MPH)
|
|
Batting: SHB Jose Castillo
|
0-0: Called Strike 0-1: Ball 1-1: Ball 2-1: Ground out 1-3 (Groundball, P, EV 67.5 MPH) Justin Long to third
|
|
Batting: LHB Brian Butler
|
0-0: Ground out 4-3 (Groundball, 4, EV 103.1 MPH)
|
| Bottom of the 6th over - 5 runs, 4 hits, 0 errors, 1 left on base; Lake County 1 - Clinton 8 |
| TOP OF THE 7TH |
|
Lake County Captains batting - Pitching for Clinton LumberKings : LHP Chan-u Lee
|
|
Batting: SHB Charlie Diesel
|
0-0: Ball 1-0: Swinging Strike 1-1: Ball 2-1: Swinging Strike 2-2: Ball 3-2: Base on Balls
|
|
Pinch Hitting: RHB Carsten Koers
|
0-0: Called Strike 0-1: Ball 1-1: Ball 2-1: Swinging Strike 2-2: Ball 3-2: Strikes out looking
|
|
Pitching: RHP Yic Chen
|
|
|
Batting: LHB Danny Moreno
|
0-0: Foul Ball, location: 2F 0-1: Called Strike 0-2: Foul Ball, location: 2F 0-2: Fielders Choice at 2nd, 2-6 (Groundball, 13S, EV 70.6 MPH)
|
|
Batting: LHB Ubbe de Bruin
|
0-0: SINGLE (Groundball, 6S, EV 75.0 MPH) (infield hit) Danny Moreno to second
|
|
Batting: LHB Alan Kelly
|
0-0: Ground out U3 (Groundball, 34, EV 100.6 MPH)
|
| Top of the 7th over - 0 runs, 1 hit, 0 errors, 2 left on base; Lake County 1 - Clinton 8 |
| BOTTOM OF THE 7TH |
|
Clinton LumberKings batting - Pitching for Lake County Captains : LHP Alcander Magos
|
|
Now in LF: Ubbe de Bruin
|
|
|
Now in CF: Carsten Koers
|
|
|
Batting: LHB Ryan Rothenbach
|
0-0: Called Strike 0-1: Foul Ball, location: 2F 0-2: Strikes out swinging
|
|
Batting: SHB Detlef Oursler
|
0-0: Called Strike 0-1: Ball 1-1: Ground out 4-3 (Groundball, 4, EV 80.0 MPH)
|
|
Batting: RHB Emmanuel Thomas
|
0-0: Ball 1-0: Swinging Strike 1-1: Called Strike 1-2: Ball 2-2: Ground out 6-3 (Groundball, 6, EV 94.4 MPH)
|
| Bottom of the 7th over - 0 runs, 0 hits, 0 errors, 0 left on base; Lake County 1 - Clinton 8 |
| TOP OF THE 8TH |
|
Lake County Captains batting - Pitching for Clinton LumberKings : RHP Yic Chen
|
|
Batting: LHB Yasuo Igarashi
|
0-0: Ball 1-0: Ball 2-0: Called Strike 2-1: SINGLE (Flyball, 78S, EV 98.1 MPH)
|
|
Batting: LHB Tim Fuller
|
0-0: Called Strike 0-1: SINGLE (Line Drive, 78S, EV 94.4 MPH) Yasuo Igarashi to second
|
|
Batting: RHB Adrian Martinelli
|
0-0: Ball 1-0: 3-RUN HOME RUN (Flyball, 78XD, EV 105.0 MPH), Distance : 430 ft
|
|
Pitching: LHP Rentaro Minami
|
|
|
Batting: SHB Travis Burnett
|
0-0: Ball 1-0: Ball 2-0: Foul Ball, location: 2F 2-1: Ball 3-1: Fly out, F4 (Line Drive, 4, EV 71.9 MPH)
|
|
Batting: SHB Charlie Diesel
|
0-0: Called Strike 0-1: Foul Ball, location: 2F 0-2: Reached on error, E5 (Groundball, 56S, EV 89.4 MPH)
|
|
Batting: RHB Carsten Koers
|
0-0: Ball 1-0: Called Strike 1-1: Foul Ball, location: 2F 1-2: Ball 2-2: Foul Ball, location: 2F 2-2: Strikes out swinging
|
|
Batting: LHB Danny Moreno
|
0-0: Called Strike 0-1: DOUBLE (Flyball, 89D, EV 110.0 MPH) Charlie Diesel to third
|
|
Batting: LHB Ubbe de Bruin
|
0-0: Ball 1-0: Swinging Strike 1-1: Ground out 6-3 (Groundball, 6, EV 76.9 MPH)
|
| Top of the 8th over - 3 runs, 4 hits, 1 error, 2 left on base; Lake County 4 - Clinton 8 |
| BOTTOM OF THE 8TH |
|
Clinton LumberKings batting - Pitching for Lake County Captains : LHP Alcander Magos
|
|
Pitching: RHP Tatsuhito Shiota
|
|
|
Batting: RHB Rick Ellis
|
0-0: Ball 1-0: SINGLE (Line Drive, 56, EV 96.3 MPH)
|
|
Batting: LHB William Warren
|
0-0: Ball Rick Ellis is caught stealing 2nd base 2-6 1-0: Swinging Strike 1-1: Foul Ball, location: 2F 1-2: Ball 2-2: Ball 3-2: Fly out, F6 (Popup, 6MD, EV 62.5 MPH)
|
|
Batting: LHB Jason Hopkins
|
0-0: Ball 1-0: Ball 2-0: Called Strike 2-1: Ball 3-1: Called Strike 3-2: Fly out, F8 (Line Drive, 8LD, EV 98.8 MPH)
|
| Bottom of the 8th over - 0 runs, 1 hit, 0 errors, 0 left on base; Lake County 4 - Clinton 8 |
| TOP OF THE 9TH |
|
Lake County Captains batting - Pitching for Clinton LumberKings : LHP Rentaro Minami
|
|
Pitching: RHP Pat Warne
|
|
|
Batting: LHB Alan Kelly
|
0-0: Ball 1-0: Ball 2-0: Ball 3-0: Base on Balls
|
|
Batting: LHB Yasuo Igarashi
|
0-0: Called Strike 0-1: Swinging Strike 0-2: Foul Ball, location: 2F 0-2: Ball 1-2: Strikes out swinging
|
|
Batting: LHB Tim Fuller
|
0-0: Called Strike 0-1: Ball 1-1: Ball 2-1: Foul Ball, location: 2F 2-2: Strikes out swinging
|
|
Batting: RHB Adrian Martinelli
|
0-0: Called Strike 0-1: Ball 1-1: Foul Ball, location: 2F 1-2: Ball 2-2: Foul Ball, location: 2F 2-2: Strikes out swinging
|
| Top of the 9th over - 0 runs, 0 hits, 0 errors, 1 left on base; Lake County 4 - Clinton 8 |
|